 Dungeon Crawl Stone Soup version 0.31.0-11-ge490571c62 (webtiles) character file.

Game seed: 623438808657622171

9 browni3141 the Trooper (level 2, 0/27 HPs)
             Began as a Minotaur Fighter on Jan 28, 2024.
             Succumbed to a kobold's poison
             ... on level 2 of the Dungeon.
             The game lasted 00:00:11 (586 turns).

browni3141 the Trooper (Minotaur Fighter)            Turns: 586, Time: 00:00:12

Health: 0/27       AC:  7    Str: 20    XL:     2   Next: 6%
Magic:  1/1        EV:  9    Int:  5    God:
Gold:   52         SH:  4    Dex:  9    Spells: 1/1 levels left

rFire   . . .        a - +0 war axe
rCold   . . .        c - +0 buckler
rNeg    . . .        b - +0 scale mail
rPois   .            (helmet restricted)
rElec   .            (no cloak)
rCorr   .            (no gloves)
SInv    .            (no boots)
Will    .....        (no amulet) Stlth
                     (no ring)
HPRegen 0.24/turn    (no ring)
MPRegen 0.07/turn

%: no passive effects
@: lethally poisoned (0 -> -16)
A: horns 2, retaliatory headbutt
a: no special abilities


You were on level 2 of the Dungeon.
You visited 1 branch of the dungeon, and saw 2 of its levels.

You collected 52 gold pieces.

Inventory:

Hand Weapons
 a - a +0 war axe (weapon)
Armour
 b - a +0 scale mail (worn)
 c - a +0 buckler (worn)
Scrolls
 f - a scroll of immolation {unknown}
 h - a scroll of vulnerability {unknown}
Potions
 d - 2 potions of might
 e - 2 potions of curing {unknown}
 g - a potion of degeneration {unknown}


   Skills:
 + Level 3.8 Fighting
 * Level 2.9 Axes
 + Level 3.8 Armour
 + Level 3.8 Shields


You had one spell level left.
You didn't know any spells.
Your spell library was empty.

Dungeon Overview and Level Annotations

Branches:
Dungeon (2/15)

Altars:


Innate Abilities, Weirdness & Mutations

You have a pair of horns on your head.
You reflexively headbutt those who attack you in melee.


Message History

You kill the kobold!
You now have 46 gold pieces (gained 14).
Done exploring.
No target in view!
Done exploring.
No target in view!
Done exploring.
No target in view!
Done exploring.
No target in view!
Done exploring.
No target in view!
Done exploring.
There is a stone staircase leading down here.
You climb downwards.
Found a white potion.
Found a stone staircase leading up.
There is a stone staircase leading up here.
Okay, then.
A kobold and a ball python come into view.
The kobold shouts!
The ball python hisses angrily.
There are monsters nearby!
There are monsters nearby!
The dart slug closely misses you.
There are monsters nearby!
There are monsters nearby!
You hit the dart slug. Your headbutt misses the dart slug.
The dart slug is moderately wounded.
The dart slug bites you but does no damage.
There are monsters nearby!
You slash the dart slug!
You kill the dart slug!
A kobold comes into view. It is wielding a +0 dagger.
There are monsters nearby!
You slash the ball python!
You kill the ball python!
There are monsters nearby!
You hit the kobold but do no damage. Your headbutt misses the kobold.
The kobold hits you with a +0 whip.
There are monsters nearby!
You hit the kobold but do no damage.
The kobold throws a stone.
You block the stone. The kobold hits you but does no damage.
You slash the kobold!
You kill the kobold!
The kobold throws a stone.
The stone barely misses you.
You have reached level 2!
You see here a ball python corpse.
A kobold is nearby!
You slash the kobold!
You kill the kobold!
No target in view!
Key pressed, stopping explore.
Things that are here:
a +0 dagger; a stone HP restored.
You see here a ball python corpse.
Key pressed, stopping explore.
No target in view!
Things that are here:
a +0 dagger; a stone No target in view!
Things that are here:
a +0 dagger; a stone You see here a ball python corpse.
e - 2 white potions (gained 1)
There is a stone staircase leading up here.
You now have 52 gold pieces (gained 6).
A kobold comes into view. It is wielding a +2 whip of venom.
The kobold shouts!
A kobold is nearby!
A kobold is nearby!
Found a stone staircase leading up.
A kobold comes into view. It is wielding a +0 club.
There are monsters nearby!
You closely miss the kobold.
The kobold shouts!
A quokka comes into view.
The kobold hits you with a +2 whip of venom.
You are poisoned.
The kobold hits you with a +2 whip of venom.
You are lethally poisoned!
There is a lethal amount of poison in your body!
There is a lethal amount of poison in your body!
You barely miss the kobold.
You feel extremely sick. You block the kobold's attack.
You closely miss the kobold. Your headbutt misses the kobold.
You feel very sick. The kobold barely misses you.
There is a lethal amount of poison in your body!
There is a lethal amount of poison in your body!
You barely miss the kobold. Your headbutt misses the kobold.
You feel very sick.
The kobold hits you with a +2 whip of venom.
You are more poisoned.
The kobold barely misses you.
The quokka bites you but does no damage.
You hit the kobold. Your headbutt misses the kobold.
The kobold is moderately wounded.
You closely miss the quokka.
You die...

...........###########
...........##......[..
...................#
...).......##......#
..†..#...#.##......#
..).######..#......#
#...<..............#
#####.#.#....###.#..#
#.#.##...# #@##.#
#...##.#....rK.....#
##.....##....K......
###.#....####.####.
.<...... .. #..##...##
#.. ....# ... #.. <...


You could see a quokka and 2 kobolds.

Vanquished Creatures
  A dart slug (D:2)
  3 kobolds
  3 ball pythons
  2 bats (D:1)
9 creatures vanquished.

Notes
Turn   | Place    | Note
-------+----------+-------------------------------------------
     0 | D:1      | browni3141 the Minotaur Fighter began the quest for the
                  | Orb.
     0 | D:1      | Reached XP level 1. HP: 19/19 MP: 0/0
   376 | D:1      | Found a faded altar of an unknown god.
   529 | D:2      | Reached XP level 2. HP: 22/27 MP: 1/1
   586 | D:2      | Succumbed to a kobold's poison

Illustrated notes

Levels and vault maps discovered:
D:1:      psy_arrival_whirlpool, layout_loops_ring,
          shapermc_ecumenical_altar_venn
D:2:      layout_rooms, uniq_sigmund

Action                     || total
---------------------------++-------
  Melee: War axe           ||    24
         Headbutt          ||     2
 Armour: Scale mail        ||    19
  Dodge: Dodged            ||    14
  Block: Buckler           ||     5
